 Dungeon Crawl Stone Soup version 0.21-a0-509-gecc5317 (webtiles) character file.

312 slep the Chopper (level 6, -4/52 HPs)
             Began as a Minotaur Gladiator on Dec 1, 2017.
             Slain by an orc priest
             ... wielding a +2 whip of electrocution
              (10 damage)
             ... on level 3 of the Dungeon.
             The game lasted 00:07:13 (1557 turns).

slep the Chopper (Minotaur Gladiator)               Turns: 1557, Time: 00:07:14

Health: -4/52      AC:  5    Str: 19    XL:     6   Next: 18%
Magic:  5/5        EV: 13    Int:  5    God:
Gold:   106        SH:  0    Dex: 13    Spells: 5/5 levels left

rFire    . . .     SeeInvis .   a - +0 war axe
rCold    . . .     Gourm    .   (no shield)
rNeg     . . .     Faith    +   l - +0 ring mail (curse)
rPois    .         Spirit   .   c - +0 hat
rElec    .         Reflect  .   (no cloak)
rCorr    .         Harm     .   (no gloves)
MR       +....                  (no boots)
Stlth    ..........             j - amulet of faith
HPRegen  0.17/turn              e - ring of loudness (curse)
MPRegen  0.09/turn              A - ring of protection from magic

@: no status effects
A: retaliatory headbutt, horns 2
a: no special abilities


You were on level 3 of the Dungeon.
You were not hungry.

You visited 1 branch of the dungeon, and saw 4 of its levels.

You collected 106 gold pieces.

Inventory:

Hand Weapons
 a - a +0 war axe (weapon)
 y - a +0 scythe of venom
Missiles
 d - 3 throwing nets (quivered)
Armour
 b - a +0 leather armour
 c - a +0 hat (worn)
 i - a +0 ring mail
 l - a cursed +0 ring mail (worn)
Jewellery
 e - a cursed ring of loudness (left hand)
 j - an amulet of faith (around neck)
 A - a ring of protection from magic (right hand)
Wands
 h - a wand of flame (11)
Scrolls
 g - a scroll of noise {unknown}
 k - 3 scrolls of blinking {unknown}
 m - 4 scrolls of identify {unknown}
 n - a scroll of enchant armour {unknown}
 p - a scroll of fog {unknown}
 s - 2 scrolls of magic mapping {unknown}
 t - a scroll of teleportation {unknown}
 u - 2 scrolls of remove curse {unknown}
 w - a scroll of fear {unknown}
 D - a scroll of enchant weapon {unknown}
Potions
 q - a potion of lignification {unknown}
 r - a potion of brilliance {unknown}
 v - a potion of heal wounds {unknown}
 x - a potion of curing {unknown}
 B - a potion of ambrosia {unknown}
Comestibles
 f - a bread ration
 o - 3 meat rations
 z - a chunk of flesh
 C - a royal jelly


   Skills:
 + Level 3.7 Fighting
 + Level 6.2 Axes
 + Level 2.1 Throwing
 + Level 2.6 Armour
 + Level 4.6 Dodging
 + Level 0.3 Stealth


You had 5 spell levels left.
You didn't know any spells.

Dungeon Overview and Level Annotations

Branches:
Dungeon (4/15)
 Temple: D:4-7

Altars:
Hepliaklqana


Innate Abilities, Weirdness & Mutations

You reflexively headbutt those who attack you in melee.
You have a pair of horns on your head.


Message History

You kill the ball python!
You hit the orc priest but do no damage.
You headbutt the orc priest, but do no damage.
The orc priest misses you. You furiously retaliate!
You headbutt the orc priest. You barely miss the orc priest.
The orc priest is moderately wounded.
The orc priest hits you with a whip of electrocution.
You hit the orc priest but do no damage.
The orc priest is moderately wounded.
The orc priest barely misses you.
The orc priest hits you but does no damage.
You are electrocuted!
* * * LOW HITPOINT WARNING * * *
You hit the orc priest but do no damage.
The orc priest is moderately wounded.
The orc priest hits you with a whip of electrocution!
* * * LOW HITPOINT WARNING * * *
You are electrocuted!
You die...

# #.# .. #. #.# . #..##
#.# # #...##.######
#....##.... .
###........ ...
###.........
.#.#.########.....#####.
.....oo@(..)......##....
.....g##########...#.###
..... #.....##. ....
###...... ... ....# .<
....# # .. . #


You could see 2 orc priests and a hobgoblin.

Vanquished Creatures
  Sigmund (D:2)
  Terence (D:2)
  3 gnolls (D:2)
  3 adders
  2 oozes
  A worm (D:2)
  A dart slug (D:1)
  A leopard gecko (D:3)
  3 orcs (D:3)
  3 giant cockroaches
  9 goblins
  4 hobgoblins
  2 jackals (D:2)
  A quokka (D:3)
  A ball python (D:3)
  2 bats
  3 frilled lizards (D:1)
  5 kobolds
  8 rats
54 creatures vanquished.

Notes
Turn   | Place    | Note
-------+----------+-------------------------------------------
     0 | D:1      | slep the Minotaur Gladiator began the quest for the Orb.
     0 | D:1      | Reached XP level 1. HP: 18/18 MP: 0/0
   113 | D:1      | Reached XP level 2. HP: 8/25 MP: 1/1
   223 | D:1      | Reached skill level 4 in Axes
   860 | D:3      | Reached XP level 3. HP: 27/30 MP: 2/2
   977 | D:2      | Reached skill level 1 in Armour
   977 | D:2      | Reached XP level 4. HP: 29/38 MP: 3/3
  1040 | D:2      | Noticed Terence
  1190 | D:2      | Found a hazy altar of Hepliaklqana.
  1326 | D:2      | Killed Terence
  1351 | D:2      | Reached skill level 5 in Axes
  1407 | D:2      | Noticed Sigmund
  1420 | D:2      | Killed Sigmund
  1420 | D:2      | Reached skill level 6 in Axes
  1420 | D:2      | Reached XP level 5. HP: 20/46 MP: 4/4
  1420 | D:2      | Reached XP level 6. HP: 23/52 MP: 5/5
  1557 | D:3      | Slain by an orc priest

Vault maps used:
D:1:      eino_arrival_cavern_d
D:2:      lemuel_round_altar, uniq_sigmund, uniq_terence
D:3:      serial_glass, glass_columns_b, glass_columns_b, glass_columns_a,
          glass_columns_b, mrwooster_statue_mirror
D:4:      temple_statues, minmay_box_of_dots

Skill      XL: |  1  2  3  4 |
---------------+-------------+-----
Axes           | 4 6 |  6.2
Fighting       | 3 |  3.7
Dodging        | 4 |  4.6
Armour         | 1 2 |  2.6
Throwing       | |  2.1
Stealth        | |  0.3

Action                   |  1- 3 |  4- 6 || total
-------------------------+-------+-------++-------
Melee: War axe           |    65 |    50 ||   115
       Headbutt          |    11 |     9 ||    20
  Use: Potion            |       |     1 ||     1
  Eat: Chunk             |       |     2 ||     2
Armor: Leather armour    |     5 |       ||     5
       Ring mail         |     5 |    15 ||    20
Dodge: Dodged            |    49 |    38 ||    87

Table legend:
 A = Spawn XP
 B = Non-spawn XP
 C = Spawn XP percentage of total XP
 D = Spawn monster count
 E = Non-spawn monster count
 F = Spawn count percentage of total count
 G = Total turns spent on level
                    A         B        C        D         E        F      G
               +---------+---------+-------+---------+---------+-------+---------
         Total |       0 |     446 |   0.0 |       0 |      54 |   0.0 |  1557
               +---------+---------+-------+---------+---------+-------+---------
           D:1 |       0 |      29 |   0.0 |       0 |      17 |   0.0 |   877
           D:2 |       0 |     368 |   0.0 |       0 |      20 |   0.0 |   486
           D:3 |       0 |      42 |   0.0 |       0 |      16 |   0.0 |   176
           D:4 |       0 |       7 |   0.0 |       0 |       1 |   0.0 |    18
               +---------+---------+-------+---------+---------+-------+---------
